Map: 2000 Atmospheres LE

Players

MaxPax

  • Race: Protoss Protoss

ByuN - Winner!

  • Race: Terran Terran

Event: StayAtHome Story Cup #4

VOD

Have the link to the VOD?

Description

Time

  • Played on: Oct. 23, 2021, 2:18 p.m.
  • Length: 9:52

All games in this series

Show
View Real Time Build Order
Export as new Build Order

MaxPax Protoss 

Build Orders: 1 Gate Expand, Blink Stalkers 

Get SALT Encoding   

  12  0:00  Probe  
  13  0:12  Probe  
  14  0:17  Pylon  
  14  0:24  Probe (Chrono Boost)  
  16  0:36  Probe (Chrono Boost)  
  16  0:37  Gateway  
  16  0:43  Probe (Chrono Boost)  
  16  0:45  Assimilator  
  17  0:51  Probe  
  18  1:03  Probe  
  19  1:15  Probe  
  20  1:22  Nexus  
  20  1:32  Cybernetics Core  
  20  1:37  Probe  
  21  1:40  Assimilator  
  21  1:49  Probe  
  21  1:50  Pylon  
  22  2:01  Probe  
  23  2:05  Adept (Chrono Boost), Warp Gate (Chrono Boost)  
  25  2:13  Probe  
  26  2:22  Twilight Council  
  26  2:25  Probe  
  27  2:32  Stalker  
  27  2:34  Probe  
  30  2:37  Probe  
  31  2:44  Gateway  
  31  2:46  Probe  
  31  2:49  Probe  
  33  2:53  Blink (Chrono Boost)  
  33  2:58  Probe  
  33  3:02  Probe  
  35  3:11  Probe  
  36  3:14  Probe  
  36  3:19  Robotics Facility  
  37  3:23  Probe, Pylon  
  37  3:26  Probe  
  39  3:28  Pylon  
  39  3:35  Probe  
  39  3:38  Probe  
  39  3:40  Assimilator  
  41  3:42  Assimilator  
  41  3:46  Stalker x2  
  41  3:47  Probe  
  46  3:50  Probe  
  47  4:00  Probe  
  49  4:02  Probe  
  49  4:07  Observer  
  49  4:09  Stalker  
  52  4:12  Probe  
  52  4:14  Pylon  
  52  4:15  Stalker, Probe  
  56  4:22  Shield Battery  
  56  4:24  Probe  
  57  4:27  Probe  
  58  4:35  Stalker  
  58  4:36  Probe  
  61  4:39  Probe  
  61  4:41  Immortal (Chrono Boost)  
  61  4:43  Stalker  
  64  4:48  Probe  
  64  4:51  Probe  
  64  5:01  Stalker  
  64  5:03  Probe  
  61  5:09  Probe  
  61  5:12  Stalker  
  56  5:15  Probe  
  56  5:20  Forge, Robotics Bay  
  55  5:21  Probe  
  55  5:22  Nexus  
  55  5:28  Stalker  
  58  5:29  Probe  
  58  5:30  Charge  
  58  5:35  Stalker  
  61  5:36  Probe  
  62  5:43  Pylon  
  62  5:48  Pylon  
  63  5:51  Sentry  
  63  5:53  Protoss Ground Weapons Level 1 (Chrono Boost), Pylon  
  64  6:05  Sentry  
  69  6:21  Robotics Facility, Stalker  
  69  6:22  Robotics Facility  
  69  6:24  Gateway  
  62  6:26  Gateway  
  62  6:31  Probe  
  59  6:36  Observer, Probe x2  
  59  6:38  Sentry  
  63  6:42  Gateway  
  63  6:43  Probe  
  63  6:45  Shield Battery  
  63  6:46  Gateway  
  64  6:48  Probe, Zealot  
  64  6:50  Shield Battery  
  64  6:53  Probe  
  68  7:04  Shield Battery  
  68  7:06  Colossus (Chrono Boost)  
  68  7:07  Pylon  
  69  7:11  Sentry  
  69  7:12  Stalker  
  78  7:21  Stalker, Colossus (Chrono Boost)  
  84  7:27  Stalker  
  84  7:35  Zealot  
  84  7:36  Zealot  
  88  7:38  Zealot  
  88  7:39  Probe x3  
  93  7:44  Zealot  
  93  7:45  Zealot  
  93  7:58  Colossus (Chrono Boost), Zealot x3  
  89  8:01  Zealot  
  85  8:10  Observer  
  85  8:11  Zealot x2  
  71  8:20  Zealot x3  
  71  8:24  Sentry  
  75  8:33  Zealot x2  
  79  8:41  Zealot x2  
  87  8:42  Colossus (Chrono Boost)  
  89  8:48  Stalker  
  89  8:49  Sentry  
  81  9:03  Stalker x3  
  81  9:20  Zealot x3  
  79  9:29  Zealot x3  
  84  9:42  Stalker  
Show
View Real Time Build Order
Export as new Build Order

ByuN Terran - Winner!

Build Orders:  

Get SALT Encoding   

  12  0:00  SCV  
  13  0:12  SCV  
  14  0:16  Supply Depot  
  14  0:24  SCV  
  15  0:38  SCV  
  15  0:39  Barracks  
  15  0:42  Refinery  
  16  0:50  SCV  
  17  1:02  SCV  
  18  1:14  SCV  
  19  1:26  Marine, Orbital Command  
  20  1:44  Barracks Reactor  
  20  1:47  Command Center  
  20  1:52  SCV  
  21  1:56  Supply Depot  
  21  2:03  Barracks  
  21  2:05  SCV  
  22  2:13  Barracks  
  22  2:17  SCV  
  22  2:20  Marine  
  22  2:21  Marine  
  25  2:29  SCV  
  26  2:38  Marine  
  26  2:39  Marine  
  26  2:41  SCV  
  29  2:47  Bunker  
  29  2:50  Barracks Tech Lab  
  29  2:53  SCV, Refinery  
  29  2:56  Marine  
  31  2:58  Marine  
  31  2:59  Orbital Command  
  31  3:05  Barracks Tech Lab, SCV  
  33  3:10  Stimpack  
  33  3:11  Marine  
  34  3:15  Marine  
  34  3:16  Marine  
  36  3:22  SCV  
  37  3:27  Marine  
  37  3:28  Combat Shield  
  37  3:29  Marine  
  37  3:34  Supply Depot  
  39  3:35  Marine  
  39  3:40  SCV x2  
  43  3:47  Marauder  
  45  3:50  Marauder  
  45  3:55  Marine x2  
  48  3:57  Supply Depot  
  48  3:59  SCV x2  
  50  4:08  Marine  
  51  4:10  Marine  
  51  4:11  SCV x2  
  54  4:18  Marine x2  
  54  4:20  Engineering Bay  
  54  4:23  SCV  
  54  4:24  SCV  
  58  4:26  Marine  
  58  4:28  Factory, Marine  
  60  4:32  Supply Depot  
  60  4:36  SCV x2  
  62  4:48  Marine x2  
  62  4:53  SCV x2  
  62  4:54  Marauder x2  
  62  4:55  Supply Depot  
  64  5:05  SCV x2  
  63  5:12  Marine x2  
  58  5:15  Marauder x2  
  58  5:17  Starport, Factory Reactor, Concussive Shells  
  58  5:18  SCV x2  
  58  5:20  Refinery  
  61  5:21  Supply Depot  
  61  5:24  Terran Infantry Weapons Level 1  
  61  5:25  Supply Depot  
  61  5:31  Marine  
  61  5:32  Marine, Missile Turret  
  63  5:36  SCV x2, Marauder x2  
  63  5:41  Refinery  
  69  5:43  Supply Depot  
  69  5:50  Marine x2  
  71  5:58  Marauder x2  
  71  6:01  Medivac x2  
  71  6:02  Factory Tech Lab, SCV x2  
  80  6:09  Marine  
  80  6:10  Marine, Supply Depot  
  81  6:23  Marauder x2  
  81  6:25  Siege Tank  
  88  6:27  Marine x2  
  82  6:44  Marauder x2  
  82  6:45  Marine x2, Medivac x2, SCV x2  
  94  6:48  Command Center  
  94  6:52  Barracks  
  94  6:54  Barracks  
  94  6:58  Siege Tank  
  97  7:03  SCV x2  
  97  7:06  Marine x2, Marauder x2  
  105  7:13  Supply Depot  
  105  7:15  Supply Depot, SCV x2  
  101  7:31  Marine x2, Marauder x2  
  108  7:37  SCV x2  
  108  7:39  Liberator x2  
  108  7:40  Factory Reactor  
  108  7:43  Barracks Reactor  
  114  7:44  Barracks Tech Lab  
  114  7:49  SCV x2  
  116  7:52  Marauder x2  
  111  8:01  SCV x2  
  111  8:02  Marine x2  
  112  8:10  SCV  
  112  8:12  Marauder  
  102  8:13  SCV  
  102  8:14  Marauder x2  
  102  8:15  SCV  
  108  8:20  Marine x4  
  108  8:23  Widow Mine x2  
  108  8:27  Orbital Command  
  116  8:31  Medivac x2  
  116  8:33  SCV x2  
  116  8:34  Marauder  
  124  8:35  Marauder x2  
  124  8:38  Refinery  
  124  8:39  Refinery  
  128  8:41  Marine x3  
  128  8:42  Marine  
  128  8:45  SCV  
  128  8:46  Supply Depot  
  128  8:47  Supply Depot  
  133  8:49  Widow Mine x2  
  135  9:00  Marauder x2  
  135  9:02  Marine x4  
  137  9:06  Marauder  
  137  9:07  Missile Turret  
  138  9:17  Viking x2  
  138  9:18  Widow Mine x2  
  138  9:22  Marauder x2  
  137  9:24  Marine x2  
  137  9:25  Marine  
  137  9:26  Marine  
  137  9:27  Marauder  
  139  9:36  Engineering Bay, Armory  
Tags
 
Add a new tag
Caveats
  • Supply blocks, unpowered buildings, or Contaminate may cause inaccurate times.
  • Supply counts are checked every 10 seconds.